 Dungeon Crawl Stone Soup version 0.31.0-12-g77e489cdc1 (webtiles) character file.

Game seed: 15627642806835063729

163 cdecastro the Cudgeller (level 5, -3/41 HPs)
             Began as an Armataur Warper on Feb 22, 2024.
             Slain by an adder (4 damage)
             ... on level 4 of the Dungeon.
             The game lasted 00:06:35 (2672 turns).

cdecastro the Cudgeller (Armataur Warper)           Turns: 2672, Time: 00:06:36

Health: -3/41      AC:  4    Str: 18    XL:     5   Next: 20%
Magic:  7/7        EV:  9    Int: 14    God:
Gold:   266        SH:  0    Dex:  9    Spells: 7/7 levels left

rFire   . . .        f - +0 morningstar (holy)
rCold   . . .        (no shield)
rNeg    . . .        b - +0 leather armour
rPois   .            (helmet currently unavailable)
rElec   .            (cloak currently unavailable)
rCorr   .            (gloves currently unavailable)
SInv    .            (no barding)
Will    +....        (no amulet)
Stlth   +            m - ring of willpower
HPRegen 0.26/turn    (no ring)
MPRegen 0.10/turn

%: roll
@: lethally poisoned (-3 -> -7), beast-form, attractive
A: beast (slay +0), large, deformed body, tough skin 3, armoured tail, roll 1
a: Begin Untransformation


You were on level 4 of the Dungeon.
You were a hulking beast.
You visited 1 branch of the dungeon, and saw 4 of its levels.

You collected 266 gold pieces.

Inventory:

Hand Weapons
 f - a +0 morningstar of holy wrath (weapon)
Missiles
 d - 7 darts of dispersal
 g - 40 stones
 i - 6 boomerangs (quivered)
 s - 3 poisoned darts
Armour
 b - a +0 leather armour (worn)
Jewellery
 m - a ring of willpower (left hand)
Talismans
 t - a beast talisman (active)
Scrolls
 a - a scroll of immolation {unknown}
 c - 3 scrolls of blinking
 e - 2 scrolls of teleportation
 h - 2 scrolls of identify
 l - a scroll of noise {unknown}
 o - 2 scrolls of revelation {unknown}
Potions
 n - a potion of berserk rage {unknown}
 p - a potion of lignification {unknown}
 q - a potion of magic {unknown}
 r - a potion of brilliance {unknown}


   Skills:
 - Level 1.7 Fighting
 + Level 5.0 Maces & Flails
 - Level 0.8 Throwing
 - Level 1.2 Armour
 - Level 1.3 Dodging
 - Level 1.7 Spellcasting
 - Level 3.0 Translocations


You had 7 spell levels left.
You didn't know any spells.
Your spell library contained the following spells:

 Spells                   Type           Power      Damage    Failure   Level
 Blink                    Tloc           18%        N/A       13%         2
 Lesser Beckoning         Tloc           18%        N/A       13%         2
 Teleport Other           Tloc           9%         N/A       26%         3
 Call Imp                 Summ           2%         N/A       41%         2
 Sublimation of Blood     Necr           1%         N/A       41%         2
 Manifold Assault         Tloc           9%         N/A       63%         4
 Vhi's Electric Charge    Tloc/Air       10%        N/A       83%         4
 Summon Hydra             Summ           0%         N/A       100%        7


Dungeon Overview and Level Annotations

Branches:
Dungeon (4/15)             Temple (0/1) D:4

Altars:

Shops:
D:1 =

Annotations:
D:3 Pargi


Innate Abilities, Weirdness & Mutations

You are a hulking beast.
Your limbs bulge with bestial killing power. (Slay +0)
Armour fits poorly on your strangely shaped body.
You have extremely tough skin. (AC +3)
You have a long armoured tail.
You regenerate magic when rolling toward enemies. (Rampage MPRegen)


Message History

The giant cockroach bites you but does no damage.
The adder bites you.
* * * LOW HITPOINT WARNING * * *
You are lethally poisoned!
The adder poisons you!
You miss the adder.
The adder is almost dead.
* * * LOW HITPOINT WARNING * * *
You feel sick. The adder closely misses you.
The giant cockroach waves its antennae.
The giant cockroach bites you but does no damage.
You feel better. The adder bites you but does no damage.
The giant cockroach bites you.
* * * LOW HITPOINT WARNING * * *
The adder bites you.
* * * LOW HITPOINT WARNING * * *
The giant cockroach bites you but does no damage.
Unknown command.
You closely miss the adder.
Your tail-slap misses the adder.
The adder is almost dead.
The adder misses you. The giant cockroach barely misses you.
You barely miss the adder.
The adder is almost dead.
The adder misses you. The giant cockroach bites you.
* * * LOW HITPOINT WARNING * * *
The adder bites you but does no damage.
You miss the adder.
The adder is almost dead.
The giant cockroach barely misses you. The adder bites you.
* * * LOW HITPOINT WARNING * * *
The giant cockroach barely misses you.
Unknown command.
Okay, then.
It was a potion of attraction.
You feel attractive to monsters. The adder bites you.
* * * LOW HITPOINT WARNING * * *
You are lethally poisoned!
The adder poisons you! The giant cockroach misses you. The adder bites you.
You die...

........).).#
############.......###..
.).........#.......# #..
...........#.......# ##.
...........+.......# #.
...........#.......# #.
...........#.......# #.
......B....#.......# #.
.......h...#.......# #.
:.....S............####.
##...####..........##...
#.. #..........##... #.
#..........##... #
#...............
#...#####....... #...#
#....... #...# #.......


You could see an adder and a giant cockroach.

Vanquished Creatures
  A hound (D:4)
  An iguana (D:4)
  4 adders
  2 dart slugs
  A ribbon worm (D:2)
  4 orcs (D:3)
  2 ball pythons (D:3)
  5 endoplasms
  4 giant cockroaches
  4 hobgoblins
  7 jackals
  4 kobolds
  5 quokkas
  3 bats (D:2)
  A frilled lizard (D:1)
  4 goblins
  6 rats
58 creatures vanquished.

Notes
Turn   | Place    | Note
-------+----------+-------------------------------------------
     0 | D:1      | cdecastro the Armataur Warper began the quest for the Orb.
     0 | D:1      | Reached XP level 1. HP: 17/17 MP: 3/3
    52 | D:1      | Reached skill level 2 in Maces & Flails
   137 | D:1      | Found Mushaam's Jewellery Shoppe.
   228 | D:1      | Reached XP level 2. HP: 21/24 MP: 4/4
   560 | D:2      | Reached skill level 3 in Maces & Flails
   637 | D:2      | Reached XP level 3. HP: 29/29 MP: 5/5
  1831 | D:3      | Reached XP level 4. HP: 35/36 MP: 6/6
  1870 | D:3      | Reached skill level 4 in Maces & Flails
  1965 | D:3      | Noticed Pargi
  2351 | D:4      | Identified the +2 dagger of the Vestibule of Hell {heavy,
                  | Dex+3}
  2530 | D:4      | Found a staircase to the Ecumenical Temple.
  2655 | D:4      | Reached skill level 5 in Maces & Flails
  2655 | D:4      | Reached XP level 5. HP: 23/41 MP: 7/7
  2667 | D:4      | HP: 2/41 [poisoned by an adder]
  2672 | D:4      | HP: 1/41 [adder (1)]
  2672 | D:4      | Slain by an adder

Illustrated notes

Levels and vault maps discovered:
D:1:      lemuel_arrival_funnel, layout_rooms, serial_shops, shop
D:2:      minmay_recursive_quarters, layout_basic
D:3:      layout_basic, minmay_ruptured, uniq_pargi
D:4:      layout_basic, temple_doors_ab

Skill      XL: |  1  2  3  4 |
---------------+-------------+-----
Maces & Flails | 2 3 5 |  5.0
Fighting       | |  1.7
Throwing       | |  0.8
Armour         | |  1.2
Dodging        | |  1.3
Spellcasting   | |  1.7
Translocations | |  3.0

Action                     |  1- 3 |  4- 6 || total
---------------------------+-------+-------++-------
  Melee: Mace              |   137 |    26 ||   163
         Tailslap          |    18 |     9 ||    27
         Punch             |     2 |     1 ||     3
         Morningstar       |       |    54 ||    54
    Use: Scroll            |       |     3 ||     3
         Potion            |       |     3 ||     3
 Armour: Leather armour    |   110 |    94 ||   204
  Dodge: Dodged            |    82 |    65 ||   147
   Form: Beast             |       |     1 ||     1
